TOP OF THE 1ST |
Ohio State University Buckeyes batting - Pitching for Washington State University Cougars : RHP Luke Cook
|
Pitching: RHP Luke Cook
|
|
Batting: RHB Mike Tarantino
|
0-0: Foul Ball, location: 2F 0-1: Ball 1-1: Ball 2-1: Ground out 5-3 (Groundball, 56, EV 82.5 MPH)
|
Batting: LHB Anthony Ross
|
0-0: Called Strike 0-1: Ball 1-1: Ball 2-1: Ball 3-1: Base on Balls
|
Batting: RHB Tristan Gimple
|
0-0: Called Strike 0-1: Ball 1-1: Foul Ball, location: 2F 1-2: Ball 2-2: Strikes out swinging
|
Batting: LHB Tony Abascal
|
0-0: Ball 1-0: Foul Ball, location: 2F 1-1: Ball 2-1: Fly out, F9 (Flyball, 9, EV 90.0 MPH)
|
Top of the 1st over - 0 runs, 0 hits, 0 errors, 1 left on base; Ohio State University 0 - Washington State University 0 |
BOTTOM OF THE 1ST |
Washington State University Cougars batting - Pitching for Ohio State University Buckeyes : RHP Dan Herwig
|
Pitching: RHP Dan Herwig
|
|
Batting: LHB David Jackson
|
0-0: Called Strike 0-1: Swinging Strike 0-2: Ball 1-2: Foul Ball, location: 2F 1-2: Ball 2-2: Strikes out looking
|
Batting: RHB Mas Langat
|
0-0: Ball 1-0: Swinging Strike 1-1: Swinging Strike 1-2: Ball 2-2: Ball 3-2: Base on Balls
|
Batting: LHB Scott Spillers
|
0-0: Called Strike 0-1: DOUBLE (Line Drive, 89D, EV 101.2 MPH) Mas Langat to third
|
Batting: SHB Juan Delanoval
|
0-0: Ball 1-0: Ball 2-0: Called Strike 2-1: Ball 3-1: Foul Ball, location: 2F 3-2: Foul Ball, location: 2F 3-2: Foul Ball, location: 2F 3-2: Base on Balls
|
Batting: LHB Israel Ariza
|
0-0: Ball 1-0: Called Strike 1-1: Swinging Strike 1-2: Ball 2-2: Ball 3-2: Base on Balls Mas Langat scores Scott Spillers to third Juan Delanoval to second
|
Batting: RHB Wil Gonzales
|
0-0: Called Strike 0-1: Ball 1-1: Ball 2-1: Fly out, F9 (Flyball, 9, EV 85.0 MPH) Runner from 3rd tags up, SCORES, throw by RF
|
Batting: RHB Rafael Collyer
|
0-0: Called Strike 0-1: Ball 1-1: Ball 2-1: Called Strike 2-2: Ball 3-2: Strikes out swinging
|
Bottom of the 1st over - 2 runs, 1 hit, 0 errors, 2 left on base; Ohio State University 0 - Washington State University 2 |
TOP OF THE 2ND |
Ohio State University Buckeyes batting - Pitching for Washington State University Cougars : RHP Luke Cook
|
Batting: RHB Masatoshi Mori
|
0-0: Ball 1-0: Foul Ball, location: 2F 1-1: Foul Ball, location: 2F 1-2: Foul Ball, location: 2F 1-2: Ground out U3 (Groundball, 34, EV 104.4 MPH)
|
Batting: RHB Bo Wu
|
0-0: Ball 1-0: Ground out 4-3 (Groundball, 4S, EV 85.0 MPH)
|
Batting: LHB Adam Simpson
|
0-0: Ball 1-0: Foul Ball, location: 2F 1-1: Ball 2-1: Foul Ball, location: 2F 2-2: DOUBLE (Flyball, 78XD, EV 101.9 MPH)
|
Batting: RHB Marcelo Bardelli
|
0-0: Ball 1-0: Fly out, F3 (Line Drive, 3, EV 71.9 MPH)
|
Top of the 2nd over - 0 runs, 1 hit, 0 errors, 1 left on base; Ohio State University 0 - Washington State University 2 |
BOTTOM OF THE 2ND |
Washington State University Cougars batting - Pitching for Ohio State University Buckeyes : RHP Dan Herwig
|
Batting: RHB Wambua Ewansiha
|
0-0: Foul Ball, location: 2F 0-1: Swinging Strike 0-2: Foul Ball, location: 2F 0-2: Ball 1-2: Foul Ball, location: 2F 1-2: Foul Ball, location: 2F 1-2: Strikes out swinging
|
Batting: LHB Rex Creswell
|
0-0: Foul Ball, location: 2F 0-1: Ball 1-1: Ball 2-1: Fly out, F9 (Flyball, 9, EV 85.6 MPH)
|
Batting: LHB David Jackson
|
0-0: Called Strike 0-1: Ground out 1-3 (Groundball, 34S, EV 70.0 MPH)
|
Bottom of the 2nd over - 0 runs, 0 hits, 0 errors, 0 left on base; Ohio State University 0 - Washington State University 2 |
TOP OF THE 3RD |
Ohio State University Buckeyes batting - Pitching for Washington State University Cougars : RHP Luke Cook
|
Batting: RHB Josh Dinsmore
|
0-0: Ball 1-0: Ball 2-0: Foul Ball, location: 2F 2-1: Ball 3-1: Swinging Strike 3-2: Base on Balls
|
Batting: RHB Mike Tarantino
|
0-0: Swinging Strike 0-1: SINGLE (Line Drive, 78S, EV 97.5 MPH) Josh Dinsmore to second
|
Batting: LHB Anthony Ross
|
0-0: Ball 1-0: DOUBLE (Flyball, 78D, EV 101.2 MPH) Josh Dinsmore scores Mike Tarantino to third
|
Batting: RHB Tristan Gimple
|
0-0: Foul Ball, location: 2F 0-1: Ball 1-1: Foul Ball, location: 2F 1-2: Ball 2-2: Strikes out swinging
|
Batting: LHB Tony Abascal
|
0-0: Ball 1-0: Swinging Strike 1-1: Ball 2-1: Ball 3-1: Swinging Strike 3-2: DOUBLE (Line Drive, 3D, EV 96.2 MPH) Mike Tarantino scores Anthony Ross scores
|
Batting: RHB Masatoshi Mori
|
0-0: Called Strike 0-1: Fly out, F8 (Flyball, 8LD, EV 87.5 MPH)
|
Batting: RHB Bo Wu
|
0-0: Ground out 3-1 (Groundball, 34, EV 85.6 MPH)
|
Top of the 3rd over - 3 runs, 3 hits, 0 errors, 1 left on base; Ohio State University 3 - Washington State University 2 |
BOTTOM OF THE 3RD |
Washington State University Cougars batting - Pitching for Ohio State University Buckeyes : RHP Dan Herwig
|
Pitching: RHP Harry Jerome
|
|
Batting: RHB Mas Langat
|
0-0: Fly out, F8 (Line Drive, 8RM, EV 91.2 MPH)
|
Batting: LHB Scott Spillers
|
0-0: Called Strike 0-1: Fly out, F7 (Line Drive, 78M, EV 99.4 MPH)
|
Batting: SHB Juan Delanoval
|
0-0: Ball 1-0: Ball 2-0: Called Strike 2-1: Fly out, F9 (Flyball, 9, EV 80.0 MPH)
|
Bottom of the 3rd over - 0 runs, 0 hits, 0 errors, 0 left on base; Ohio State University 3 - Washington State University 2 |
TOP OF THE 4TH |
Ohio State University Buckeyes batting - Pitching for Washington State University Cougars : RHP Luke Cook
|
Batting: LHB Adam Simpson
|
0-0: Called Strike 0-1: Ball 1-1: Ball 2-1: Called Strike 2-2: SINGLE (Line Drive, 5D, EV 97.5 MPH)
|
Batting: RHB Marcelo Bardelli
|
0-0: Called Strike 0-1: Ball 1-1: Ball 2-1: Called Strike 2-2: DOUBLE (Flyball, 8RD, EV 100.6 MPH) Adam Simpson to third Runner from 3rd tries for Home, SAFE, throw by CF to home
|
Batting: RHB Josh Dinsmore
|
0-0: Fly out, F9 (Flyball, 9, EV 83.1 MPH)
|
Batting: RHB Mike Tarantino
|
0-0: Ball 1-0: Ground out 4-3 (Groundball, 4, EV 87.5 MPH) Marcelo Bardelli to third
|
Batting: LHB Anthony Ross
|
0-0: Called Strike 0-1: Ball 1-1: Called Strike 1-2: Fly out, F8 (Flyball, 8RM, EV 91.9 MPH)
|
Top of the 4th over - 1 run, 2 hits, 0 errors, 1 left on base; Ohio State University 4 - Washington State University 2 |
BOTTOM OF THE 4TH |
Washington State University Cougars batting - Pitching for Ohio State University Buckeyes : RHP Harry Jerome
|
Batting: LHB Israel Ariza
|
0-0: Called Strike 0-1: Swinging Strike 0-2: Ball 1-2: Foul Ball, location: 2F 1-2: Foul Ball, location: 2F 1-2: Ball 2-2: SOLO HOME RUN (Flyball, 89XD, EV 107.5 MPH), Distance : 430 ft
|
Batting: RHB Wil Gonzales
|
0-0: Ground out 6-3 (Groundball, 56D, EV 110.0 MPH)
|
Batting: RHB Rafael Collyer
|
0-0: Ball 1-0: Called Strike 1-1: Foul Ball, location: 2F 1-2: SINGLE (Groundball, 56D, EV 101.9 MPH)
|
Batting: RHB Wambua Ewansiha
|
0-0: Called Strike 0-1: Swinging Strike 0-2: Strikes out swinging
|
Batting: LHB Rex Creswell
|
0-0: Called Strike 0-1: Called Strike 0-2: Fly out, F3 (Popup, 34S, EV 71.9 MPH)
|
Bottom of the 4th over - 1 run, 2 hits, 0 errors, 1 left on base; Ohio State University 4 - Washington State University 3 |
TOP OF THE 5TH |
Ohio State University Buckeyes batting - Pitching for Washington State University Cougars : RHP Luke Cook
|
Now at 2B: Ryan Toth
|
|
Now at 3B: Rex Creswell
|
|
Batting: RHB Tristan Gimple
|
0-0: Ball 1-0: Foul Ball, location: 2F 1-1: Ball 2-1: Fly out, F9 (Flyball, 89S, EV 93.1 MPH)
|
Pitching: RHP Jose Flores
|
|
Batting: LHB Tony Abascal
|
0-0: Ball 1-0: Called Strike 1-1: Ball 2-1: Foul Ball, location: 2F 2-2: Foul Ball, location: 2F 2-2: Fly out, F8 (Flyball, 8RD, EV 97.5 MPH)
|
Batting: RHB Masatoshi Mori
|
0-0: Called Strike 0-1: Swinging Strike 0-2: Foul Ball, location: 2F 0-2: Ground out 6-3 (Groundball, 6, EV 84.4 MPH)
|
Top of the 5th over - 0 runs, 0 hits, 0 errors, 0 left on base; Ohio State University 4 - Washington State University 3 |
BOTTOM OF THE 5TH |
Washington State University Cougars batting - Pitching for Ohio State University Buckeyes : RHP Harry Jerome
|
Pinch Hitting: RHB Miguel Paredes
|
0-0: Ball 1-0: Ground out U3 (Groundball, 3L, EV 103.1 MPH)
|
Batting: RHB Mas Langat
|
0-0: Ball 1-0: Called Strike 1-1: Foul Ball, location: 2F 1-2: Foul Ball, location: 2F 1-2: Foul Ball, location: 2F 1-2: Ball 2-2: Foul Ball, location: 2F 2-2: Ground out U3 (Groundball, 3S, EV 70.0 MPH)
|
Batting: LHB Scott Spillers
|
0-0: Called Strike 0-1: Ball 1-1: Swinging Strike 1-2: DOUBLE (Flyball, 89D, EV 101.2 MPH)
|
Pitching: RHP Neville MacDonald
|
|
Batting: SHB Juan Delanoval
|
0-0: Ball 1-0: Ball 2-0: Called Strike 2-1: Ball 3-1: Base on Balls
|
Batting: LHB Israel Ariza
|
0-0: Called Strike 0-1: Swinging Strike 0-2: 3-RUN HOME RUN (Flyball, 9D, EV 93.8 MPH), Distance : 368 ft
|
Batting: RHB Ryan Toth
|
0-0: Ball 1-0: Swinging Strike 1-1: Ball 2-1: Fly out, F9 (Line Drive, 9S, EV 101.2 MPH)
|
Bottom of the 5th over - 3 runs, 2 hits, 0 errors, 0 left on base; Ohio State University 4 - Washington State University 6 |
TOP OF THE 6TH |
Ohio State University Buckeyes batting - Pitching for Washington State University Cougars : RHP Jose Flores
|
Now in LF: Miguel Paredes
|
|
Pinch Hitting: LHB Zach Brandt
|
0-0: Ball 1-0: SOLO HOME RUN (Flyball, 8LXD, EV 115.0 MPH), Distance : 441 ft
|
Batting: LHB Adam Simpson
|
0-0: Swinging Strike 0-1: Ball 1-1: Foul Ball, location: 2F 1-2: Strikes out looking
|
Pinch Hitting: RHB David Guillen
|
0-0: Ball 1-0: Ball 2-0: Called Strike 2-1: Foul Ball, location: 2F 2-2: Foul Ball, location: 2F 2-2: Foul Ball, location: 2F 2-2: Ball 3-2: Foul Ball, location: 2F 3-2: Foul Ball, location: 2F 3-2: Base on Balls
|
Pitching: RHP Teddy Barber
|
|
Batting: RHB Josh Dinsmore
|
0-0: SINGLE (Line Drive, 9LS, EV 105.6 MPH) David Guillen to second
|
Batting: RHB Mike Tarantino
|
0-0: Called Strike 0-1: Ball 1-1: SINGLE (Groundball, 56, EV 94.4 MPH) David Guillen to third Josh Dinsmore to second
|
Pinch Hitting: RHB Jacob Carrano
|
0-0: Swinging Strike 0-1: Swinging Strike 0-2: Strikes out swinging
|
Batting: RHB Tristan Gimple
|
0-0: Reached on error, E6 (Groundball, 56, EV 96.2 MPH) David Guillen scores Josh Dinsmore scores Mike Tarantino to third
|
Batting: LHB Tony Abascal
|
0-0: Ball 1-0: Ball 2-0: Called Strike 2-1: Called Strike 2-2: Ground out 3-1 (Groundball, 34, EV 106.9 MPH)
|
Top of the 6th over - 3 runs, 3 hits, 1 error, 2 left on base; Ohio State University 7 - Washington State University 6 |
BOTTOM OF THE 6TH |
Washington State University Cougars batting - Pitching for Ohio State University Buckeyes : RHP Neville MacDonald
|
Now at 2B: David Guillen
|
|
Now at 3B: Mike Tarantino
|
|
Now at SS: Jacob Carrano
|
|
Now in LF: Tony Abascal
|
|
Now in CF: Zach Brandt
|
|
Batting: RHB Ron Essink
|
0-0: Swinging Strike 0-1: Fly out, F9 (Flyball, 9, EV 88.8 MPH)
|
Batting: RHB Wambua Ewansiha
|
0-0: Ball 1-0: Ball 2-0: Ball 3-0: Base on Balls
|
Batting: LHB Rex Creswell
|
0-0: Called Strike 0-1: Fielders Choice at 2nd, 3-6 (Groundball, 34, EV 83.1 MPH)
|
Batting: RHB Miguel Paredes
|
0-0: Ball 1-0: Ball Wild Pitch! Rex Creswell to second 2-0: SINGLE (Flyball, 7S, EV 97.5 MPH) Rex Creswell to third
|
Pitching: RHP Kyle Collins
|
|
Batting: RHB Mas Langat
|
0-0: Called Strike 0-1: Ball 1-1: Ball 2-1: SINGLE (Flyball, 78S, EV 93.8 MPH) Rex Creswell scores Miguel Paredes to second
|
Batting: LHB Scott Spillers
|
0-0: SINGLE (Line Drive, 89M, EV 110.0 MPH) Miguel Paredes to third Mas Langat to second
|
Batting: SHB Juan Delanoval
|
0-0: Called Strike 0-1: Ball 1-1: Swinging Strike 1-2: Foul Ball, location: 2F 1-2: Ball 2-2: Ball 3-2: Base on Balls Miguel Paredes scores Mas Langat to third Scott Spillers to second
|
Batting: LHB Israel Ariza
|
0-0: Ball 1-0: Ball 2-0: Ground out 1-3 (Groundball, 13, EV 70.0 MPH)
|
Bottom of the 6th over - 2 runs, 3 hits, 0 errors, 3 left on base; Ohio State University 7 - Washington State University 8 |
TOP OF THE 7TH |
Ohio State University Buckeyes batting - Pitching for Washington State University Cougars : RHP Teddy Barber
|
Pitching: RHP Randolph Batten
|
|
Now at 1B: Joe Weber
|
|
Batting: RHB Masatoshi Mori
|
0-0: Ground out 1-3 (Groundball, P, EV 65.0 MPH)
|
Batting: LHB Zach Brandt
|
0-0: Ball 1-0: DOUBLE (Flyball, 7LD, EV 93.8 MPH)
|
Batting: LHB Adam Simpson
|
0-0: Called Strike 0-1: Foul Ball, location: 2F 0-2: Ball 1-2: Foul Ball, location: 2F 1-2: Strikes out swinging
|
Batting: RHB David Guillen
|
0-0: Ball 1-0: Foul Ball, location: 2F 1-1: Foul Ball, location: 2F 1-2: Foul Ball, location: 2F 1-2: Strikes out swinging
|
Top of the 7th over - 0 runs, 1 hit, 0 errors, 1 left on base; Ohio State University 7 - Washington State University 8 |
BOTTOM OF THE 7TH |
Washington State University Cougars batting - Pitching for Ohio State University Buckeyes : RHP Kyle Collins
|
Pitching: RHP Leonidas Panagopoulos
|
|
Batting: RHB Ryan Toth
|
0-0: Ball 1-0: Called Strike 1-1: Foul Ball, location: 2F 1-2: Ball 2-2: Ball 3-2: Fly out, F7 (Flyball, 7LM, EV 99.4 MPH)
|
Batting: RHB Ron Essink
|
0-0: Ball 1-0: Swinging Strike 1-1: Called Strike 1-2: Ball 2-2: Strikes out looking
|
Batting: RHB Wambua Ewansiha
|
0-0: Called Strike 0-1: Swinging Strike 0-2: Ball 1-2: Strikes out swinging
|
Bottom of the 7th over - 0 runs, 0 hits, 0 errors, 0 left on base; Ohio State University 7 - Washington State University 8 |
TOP OF THE 8TH |
Ohio State University Buckeyes batting - Pitching for Washington State University Cougars : RHP Randolph Batten
|
Pitching: LHP Scott Bradley
|
|
Batting: RHB Josh Dinsmore
|
0-0: Swinging Strike 0-1: Called Strike 0-2: Strikes out swinging
|
Batting: RHB Mike Tarantino
|
0-0: Ball 1-0: Ball 2-0: Called Strike 2-1: Foul Ball, location: 2F 2-2: Ball 3-2: Base on Balls
|
Batting: RHB Jacob Carrano
|
0-0: Ball 1-0: Called Strike 1-1: Ball 2-1: Ball 3-1: Called Strike 3-2: Base on Balls Mike Tarantino to second
|
Batting: RHB Tristan Gimple
|
0-0: Foul Ball, location: 2F 0-1: Ball 1-1: Called Strike 1-2: Ball 2-2: Ball 3-2: Foul Ball, location: 2F 3-2: Fly out, F8 (Flyball, 8LD, EV 110.0 MPH) Runner from 2nd tags up, SAFE at 3rd with throw by CF
|
Pitching: RHP Arthur Scholten
|
|
Batting: LHB Tony Abascal
|
0-0: Ball 1-0: Called Strike 1-1: Ball 2-1: Called Strike 2-2: Ball 3-2: Strikes out swinging
|
Top of the 8th over - 0 runs, 0 hits, 0 errors, 2 left on base; Ohio State University 7 - Washington State University 8 |
BOTTOM OF THE 8TH |
Washington State University Cougars batting - Pitching for Ohio State University Buckeyes : RHP Leonidas Panagopoulos
|
Pitching: RHP Bob Rowsell
|
|
Batting: LHB Rex Creswell
|
0-0: Fly out, F8 (Flyball, 8RM, EV 88.1 MPH)
|
Batting: RHB Miguel Paredes
|
0-0: Foul Ball, location: 2F 0-1: Ball 1-1: Ball 2-1: Swinging Strike 2-2: Foul Ball, location: 2F 2-2: Foul Ball, location: 2F 2-2: Strikes out swinging
|
Batting: RHB Mas Langat
|
0-0: Swinging Strike 0-1: Ball 1-1: Foul Ball, location: 2F 1-2: Ball 2-2: Foul Ball, location: 2F 2-2: Strikes out swinging
|
Bottom of the 8th over - 0 runs, 0 hits, 0 errors, 0 left on base; Ohio State University 7 - Washington State University 8 |
TOP OF THE 9TH |
Ohio State University Buckeyes batting - Pitching for Washington State University Cougars : RHP Arthur Scholten
|
Pitching: RHP Joaquin Adame
|
|
Batting: RHB Bill Daniel
|
0-0: Called Strike 0-1: Ball 1-1: Foul Ball, location: 2F 1-2: Ball 2-2: Hit by Pitch
|
Batting: LHB Zach Brandt
|
0-0: Sac Bunt to 15 - play at first, batter OUT! 1-3 Bill Daniel to second
|
Batting: LHB Adam Simpson
|
0-0: Swinging Strike 0-1: Hit by Pitch
|
Batting: RHB David Guillen
|
0-0: Ball 1-0: Called Strike 1-1: Called Strike 1-2: Ball 2-2: Strikes out swinging
|
Batting: RHB Josh Dinsmore
|
0-0: Foul Ball, location: 2F 0-1: Foul Ball, location: 2F 0-2: Foul Ball, location: 2F 0-2: Ball 1-2: Ball 2-2: Foul Ball, location: 2F 2-2: SINGLE (Groundball, 56D, EV 96.2 MPH) Bill Daniel to third Adam Simpson to second Runner from 3rd tries for Home, SAFE, throw by LF to home
|
Pitching: RHP Bob Donovan
|
|
Batting: RHB Mike Tarantino
|
0-0: Ball 1-0: Called Strike 1-1: Fly out, F7 (Flyball, 7LS, EV 80.0 MPH)
|
Top of the 9th over - 1 run, 1 hit, 0 errors, 2 left on base; Ohio State University 8 - Washington State University 8 |
BOTTOM OF THE 9TH |
Washington State University Cougars batting - Pitching for Ohio State University Buckeyes : RHP Bob Rowsell
|
Pitching: RHP Josh Henderson
|
|
Batting: LHB Scott Spillers
|
0-0: Ball 1-0: Ball 2-0: Ball 3-0: Base on Balls
|
Batting: SHB Juan Delanoval
|
0-0: Called Strike 0-1: Ball 1-1: Called Strike 1-2: Fly out, F8 (Line Drive, 8RD, EV 85.6 MPH)
|
Batting: RHB Joe Weber
|
0-0: Foul Ball, location: 2F 0-1: Ball 1-1: Swinging Strike 1-2: Foul Ball, location: 2F 1-2: Ball 2-2: Ball 3-2: Ground out 4-3 (Groundball, 34, EV 90.6 MPH) Scott Spillers to second
|
Batting: RHB Ryan Toth
|
0-0: Ball 1-0: Called Strike 1-1: Ball 2-1: Fly out, F9 (Flyball, 89M, EV 83.8 MPH)
|
Bottom of the 9th over - 0 runs, 0 hits, 0 errors, 1 left on base; Ohio State University 8 - Washington State University 8 |
TOP OF THE 10TH |
Ohio State University Buckeyes batting - Pitching for Washington State University Cougars : RHP Bob Donovan
|
Batting: RHB Jacob Carrano
|
0-0: Called Strike 0-1: Ball 1-1: Ball 2-1: Called Strike 2-2: Foul Ball, location: 2F 2-2: Ball 3-2: Foul Ball, location: 2F 3-2: SINGLE (Line Drive, 4D, EV 104.4 MPH)
|
Batting: RHB Tristan Gimple
|
0-0: Fly out, F8 (Flyball, 8RM, EV 93.1 MPH)
|
Batting: LHB Tony Abascal
|
0-0: Ball 1-0: Swinging Strike 1-1: Swinging Strike 1-2: Foul Ball, location: 2F 1-2: Ball Wild Pitch! Jacob Carrano to second 2-2: Foul Ball, location: 2F 2-2: Ball 3-2: Intentional Walk
|
Batting: RHB Bill Daniel
|
0-0: Hit by Pitch Jacob Carrano to third Tony Abascal to second
|
Batting: LHB Zach Brandt
|
0-0: Called Strike 0-1: Foul Ball, location: 2F 0-2: Fly out, F8 (Flyball, 89M, EV 80.0 MPH) Runner from 3rd tags up, SCORES, throw by CF Tony Abascal to third
|
Batting: LHB Adam Simpson
|
0-0: Ball 1-0: Ball 2-0: Ball 3-0: Called Strike 3-1: Called Strike 3-2: Strikes out swinging
|
Top of the 10th over - 1 run, 1 hit, 0 errors, 2 left on base; Ohio State University 9 - Washington State University 8 |
BOTTOM OF THE 10TH |
Washington State University Cougars batting - Pitching for Ohio State University Buckeyes : RHP Josh Henderson
|
Pitching: RHP Jason Kaufman
|
|
Batting: RHB Dave DeLaMater
|
0-0: Called Strike 0-1: Foul Ball, location: 2F 0-2: Ball 1-2: Foul Ball, location: 2F 1-2: Foul Ball, location: 2F 1-2: Ball 2-2: Foul Ball, location: 2F 2-2: Fly out, F7 (Line Drive, 78M, EV 93.1 MPH)
|
Batting: RHB Wambua Ewansiha
|
0-0: Foul Ball, location: 2F 0-1: Foul Ball, location: 2F 0-2: Fly out, F6 (Popup, 56D, EV 71.9 MPH)
|
Batting: LHB Rex Creswell
|
0-0: Ball 1-0: Foul Ball, location: 2F 1-1: Ground out 4-3 (Groundball, 4D, EV 108.8 MPH)
|
Bottom of the 10th over - 0 runs, 0 hits, 0 errors, 0 left on base; Ohio State University 9 - Washington State University 8 |
|